Map: Acropolis LE

Players

salamander

  • Race: Terran Terran
  • League: Diamond
  • Spawn Location: 5:00

Pink - Winner!

  • Race: Protoss Protoss
  • Spawn Location: 11:00

VOD

Have the link to the VOD?

Description

Time

  • Played on: June 16, 2019, 12:26 p.m.
  • Length: 10:26
Show
View Real Time Build Order
Export as new Build Order

salamander Terran 

Build Orders: Banshee Rush 

Get SALT Encoding   

  12  0:01  SCV  
  13  0:13  SCV  
  14  0:17  Supply Depot  
  14  0:25  SCV  
  14  0:28  Refinery  
  15  0:38  SCV  
  16  0:45  Barracks  
  16  0:51  SCV  
  17  1:03  SCV  
  18  1:08  Refinery  
  18  1:24  Supply Depot  
  18  1:32  Orbital Command  
  18  1:35  Marine  
  19  2:00  SCV  
  20  2:01  Factory  
  21  2:14  SCV  
  21  2:22  Barracks Reactor  
  21  2:27  SCV  
  22  2:36  Command Center  
  22  2:39  SCV  
  23  2:45  Factory Tech Lab  
  23  2:47  Starport  
  23  2:51  SCV  
  24  3:02  Supply Depot  
  24  3:03  SCV  
  25  3:08  Marine x2  
  27  3:16  SCV  
  28  3:29  Cloaking Field  
  28  3:30  Banshee  
  31  3:36  Factory Tech Lab  
  31  3:37  SCV  
  31  3:38  Marine x2  
  34  3:47  Supply Depot  
  34  3:49  SCV  
  34  3:52  Engineering Bay  
  35  3:59  Orbital Command  
  35  4:01  SCV  
  36  4:13  SCV  
  36  4:15  Cyclone  
  40  4:18  Marine x2  
  42  4:27  Banshee  
  42  4:30  SCV x2  
  47  4:34  Barracks  
  47  4:42  SCV  
  47  4:43  SCV  
  49  4:47  Cyclone  
  52  4:54  SCV  
  52  4:55  SCV, Refinery  
  54  5:02  Marine x2  
  54  5:04  Supply Depot  
  54  5:07  SCV x2  
  58  5:12  Banshee  
  61  5:20  Marine  
  62  5:24  Marine  
  62  5:25  Cyclone  
  53  5:53  SCV x2  
  53  5:55  Banshee  
  53  5:56  Marine  
  53  5:57  Marine, Cyclone  
  59  5:58  Barracks Tech Lab  
  59  6:00  Terran Infantry Weapons Level 1  
  63  6:05  SCV x2  
  65  6:14  Marine  
  65  6:15  Marine  
  65  6:16  Marine  
  65  6:17  SCV x2  
  70  6:22  Stimpack  
  70  7:07  Supply Depot  
  70  7:09  SCV x2, Cyclone, Marine x3, Supply Depot  
  70  7:13  Raven  
  80  7:26  Marine  
  80  7:27  SCV x2  
  83  7:36  Command Center  
  83  7:38  Factory  
  83  7:39  SCV x2, Factory  
  83  7:41  Cyclone  
  83  7:43  Marine x2  
  90  7:44  Marine  
  90  7:45  Supply Depot x2  
  90  7:50  Armory  
  90  7:51  SCV x2  
  93  7:56  Viking  
  95  8:00  Marine  
  95  8:01  Marine  
  97  8:13  Cyclone  
  97  8:15  Marine  
  97  8:17  SCV  
  97  8:18  SCV, Marine  
  104  8:22  Refinery  
  104  8:24  Combat Shield  
  104  8:30  SCV x2  
  106  8:41  Viking  
  108  8:43  Marine x2  
  108  8:45  Factory Tech Lab, Cyclone  
  108  8:46  SCV x2, Factory Tech Lab  
  115  8:58  SCV  
  86  9:11  Viking  
  86  9:14  Cyclone x2  
  86  9:15  Marine x2  
  86  9:16  Marine  
  91  9:17  Cyclone  
  94  9:25  SCV x3, Refinery  
  97  9:33  Marine x2  
  97  9:35  Supply Depot  
  97  9:37  SCV x2  
  101  9:41  Banshee  
  104  9:46  Cyclone  
  104  9:52  Cyclone  
Show
View Real Time Build Order
Export as new Build Order

Pink Protoss - Winner!

Build Orders: 1 Gate Expand, Phoenix Opening, Blink Stalkers 

Get SALT Encoding   

  12  0:01  Probe  
  13  0:13  Probe  
  14  0:18  Pylon  
  14  0:25  Probe  
  15  0:35  Probe  
  15  0:38  Gateway  
  16  0:43  Probe  
  16  0:48  Assimilator  
  17  0:51  Probe  
  18  1:03  Probe  
  19  1:25  Nexus  
  19  1:33  Probe  
  19  1:34  Cybernetics Core  
  20  1:45  Probe  
  21  1:53  Pylon  
  21  1:54  Assimilator  
  21  1:57  Probe  
  22  2:02  Adept  
  22  2:09  Probe  
  22  2:13  Warp Gate  
  24  2:21  Probe  
  25  2:32  Sentry  
  25  2:34  Probe  
  28  2:39  Probe  
  28  2:42  Probe  
  29  2:47  Probe  
  29  2:50  Twilight Council, Probe  
  30  2:56  Probe  
  30  2:57  Blink  
  32  3:00  Probe  
  32  3:04  Pylon  
  34  3:06  Phoenix  
  34  3:11  Probe  
  34  3:12  Gateway, Probe  
  36  3:13  Gateway  
  36  3:23  Probe  
  36  3:24  Probe  
  38  3:29  Stalker  
  40  3:35  Probe  
  40  3:36  Probe  
  40  3:41  Shield Battery  
  42  3:44  Shield Battery  
  42  3:48  Probe x2  
  43  3:53  Robotics Facility  
  44  4:00  Probe  
  45  4:05  Probe  
  45  4:07  Assimilator  
  46  4:11  Assimilator  
  46  4:12  Probe  
  46  4:16  Pylon  
  47  4:17  Probe  
  47  4:19  Stalker x3  
  54  4:34  Probe  
  54  4:35  Nexus  
  55  4:40  Probe  
  55  4:41  Shield Battery  
  55  4:42  Observer  
  57  4:46  Probe  
  57  4:48  Stalker  
  60  4:53  Pylon  
  60  4:54  Probe  
  61  5:01  Charge  
  61  5:02  Probe  
  62  5:12  Observer  
  62  5:14  Gateway  
  63  5:16  Gateway  
  63  5:23  Gateway  
  63  5:24  Gateway  
  63  5:26  Pylon  
  58  5:36  Stalker x2  
  58  5:37  Stalker  
  64  5:48  Probe x3  
  67  5:54  Pylon  
  67  5:59  Gateway  
  67  6:00  Probe  
  67  6:01  Forge  
  67  6:02  Forge  
  68  6:04  Gateway  
  68  6:08  Probe  
  69  6:13  Probe  
  69  6:17  Pylon, Zealot x2  
  69  6:18  Observer, Zealot x2  
  78  6:24  Probe x2  
  81  6:25  Probe  
  81  6:26  Protoss Ground Weapons Level 1, Protoss Ground Armor Level 1  
  81  6:31  Warp Prism  
  82  6:36  Probe  
  82  6:37  Probe  
  82  6:39  Zealot  
  84  6:55  Photon Cannon  
  84  7:01  Zealot x3  
  90  7:02  Probe x2  
  92  7:13  Nexus, Probe  
  92  7:15  Pylon  
  93  7:22  Probe  
  93  7:26  Probe  
  93  7:29  Probe  
  96  7:30  Zealot x4  
  96  7:31  Zealot  
  96  7:34  Probe  
  107  7:38  Probe  
  107  7:39  Immortal  
  112  7:45  Pylon  
  112  7:48  Pylon  
  111  8:00  Zealot x3  
  111  8:05  Pylon  
  117  8:08  Probe  
  117  8:09  Shield Battery, Probe x2  
  120  8:24  Zealot  
  120  8:25  Sentry x2  
  120  8:26  Zealot x3  
  132  8:27  Zealot x3  
  132  8:31  Probe x3  
  132  8:32  Probe  
  141  8:43  Probe x2  
  141  8:46  Pylon  
  141  8:47  Pylon  
  143  8:51  Zealot x4  
  143  8:52  Zealot x2  
  143  8:54  Zealot x2  
  141  9:17  Probe x4  
  141  9:22  Zealot x5  
  141  9:23  Stalker x2  
  141  9:24  Zealot, Stalker  
  161  9:29  Probe  
  164  9:44  Pylon  
  164  9:46  Pylon, Zealot  
  164  9:48  Zealot x3  
  172  10:04  Zealot  
  172  10:05  Stalker x4  
Tags
 
Add a new tag
Caveats
  • Supply blocks, unpowered buildings, or Contaminate may cause inaccurate times.
  • Supply counts are checked every 10 seconds.